Map: Port Aleksander LE

Players

putnik

  • Race: Protoss Protoss
  • League: Master
  • Spawn Location: 11:00

zuka - Winner!

  • Race: Protoss Protoss
  • League: Master
  • Spawn Location: 5:00

VOD

Have the link to the VOD?

Description

Time

  • Played on: Feb. 3, 2019, 2:39 p.m.
  • Length: 8:07
Show
View Real Time Build Order
Export as new Build Order

putnik Protoss 

Build Orders: Zealot Archon 

Get SALT Encoding   

  12  0:00  Probe  
  13  0:13  Probe  
  14  0:21  Pylon  
  14  0:25  Probe  
  15  0:36  Probe  
  15  0:40  Gateway  
  16  0:44  Probe  
  16  0:49  Assimilator  
  17  0:54  Probe  
  18  0:58  Assimilator  
  18  1:06  Probe  
  19  1:12  Gateway  
  19  1:18  Probe  
  20  1:27  Cybernetics Core  
  20  1:30  Probe  
  21  1:41  Pylon  
  21  1:43  Probe  
  22  1:53  Stalker  
  22  1:55  Sentry, Probe  
  23  2:05  Warp Gate  
  27  2:25  Pylon  
  27  2:31  Stalker x2  
  31  2:54  Nexus  
  31  3:02  Pylon  
  31  3:14  Probe  
  31  3:24  Robotics Facility  
  31  3:25  Forge  
  31  3:36  Probe  
  32  3:44  Probe  
  32  3:47  Pylon  
  33  3:52  Probe  
  33  3:54  Sentry  
  33  3:55  Stalker  
  37  3:56  Protoss Ground Weapons Level 1  
  38  4:04  Probe  
  38  4:05  Probe  
  40  4:12  Probe, Observer  
  40  4:13  Probe  
  42  4:20  Probe  
  42  4:21  Probe  
  43  4:30  Assimilator  
  43  4:31  Probe  
  45  4:35  Probe  
  47  4:42  Immortal  
  47  4:43  Probe  
  52  4:47  Probe  
  52  4:52  Twilight Council  
  53  4:59  Probe  
  54  5:00  Probe  
  55  5:12  Probe x2  
  55  5:13  Assimilator  
  57  5:15  Pylon  
  57  5:17  Gateway  
  57  5:21  Gateway  
  57  5:24  Probe  
  58  5:30  Immortal  
  58  5:35  Probe  
  63  5:38  Charge  
  63  5:39  Protoss Ground Weapons Level 2  
  63  5:48  Pylon  
  63  5:55  Templar Archives  
  63  6:08  Shield Battery  
  63  6:09  Shield Battery  
  63  6:13  Gateway  
  63  6:14  Gateway  
  63  6:19  Photon Cannon  
  63  6:23  Pylon  
  63  6:26  Pylon  
  63  6:31  High Templar  
  63  6:32  High Templar x2  
  67  6:36  Archon  
  67  6:37  High Templar  
  71  6:41  Archon  
  71  6:43  Probe x2  
  73  6:47  Pylon  
  73  6:55  Shield Battery  
  73  7:05  Photon Cannon  
  73  7:06  High Templar x2  
  73  7:07  Zealot  
  79  7:10  Archon  
  79  7:12  Zealot x3  
  71  7:33  Zealot  
  71  7:34  Zealot x3  
  55  7:47  Zealot x2  
  49  7:55  Sentry x2  
  49  7:56  Sentry, Zealot  
Show
View Real Time Build Order
Export as new Build Order

zuka Protoss - Winner!

Build Orders:  

Get SALT Encoding   

  12  0:01  Probe  
  13  0:13  Probe  
  14  0:18  Pylon  
  14  0:22  Probe  
  15  0:32  Probe  
  15  0:39  Gateway  
  15  0:42  Probe  
  16  0:48  Assimilator  
  17  0:53  Probe  
  18  0:58  Assimilator  
  18  1:01  Probe  
  18  1:10  Probe  
  19  1:13  Gateway  
  20  1:22  Probe  
  21  1:30  Cybernetics Core  
  21  1:34  Probe  
  22  1:42  Pylon  
  22  1:46  Probe  
  23  1:59  Warp Gate  
  23  2:00  Probe  
  24  2:07  Stalker  
  24  2:08  Sentry  
  29  2:17  Pylon  
  28  2:23  Probe  
  28  2:34  Stalker  
  30  2:37  Stalker  
  32  3:00  Nexus  
  32  3:11  Robotics Facility  
  32  3:13  Probe  
  33  3:21  Probe  
  34  3:29  Probe  
  35  3:35  Pylon  
  35  3:40  Probe  
  35  3:43  Shield Battery  
  36  3:52  Probe  
  36  3:53  Pylon, Immortal  
  37  4:06  Probe  
  42  4:13  Probe  
  43  4:18  Probe  
  43  4:20  Forge  
  44  4:26  Sentry  
  44  4:29  Probe  
  44  4:30  Probe  
  48  4:32  Observer  
  48  4:36  Protoss Ground Weapons Level 1  
  49  4:41  Probe  
  49  4:42  Probe  
  51  4:53  Probe  
  51  4:54  Probe  
  53  5:03  Twilight Council  
  53  5:05  Immortal  
  58  5:07  Probe  
  58  5:13  Pylon  
  59  5:17  Gateway  
  58  5:26  Resonating Glaives  
  58  5:30  Gateway  
  58  5:31  Gateway  
  58  5:35  Adept  
  60  5:38  Gateway, Adept  
  62  5:51  Gateway  
  62  5:56  Warp Prism  
  64  5:57  Gateway  
  64  6:06  Adept x2  
  64  6:10  Pylon  
  68  6:13  Adept  
  70  6:20  Pylon  
  70  6:26  Pylon  
  70  6:27  Adept  
  70  6:28  Adept x2  
  70  6:31  Adept  
  78  6:41  Adept  
  78  6:42  Adept  
  82  6:54  Adept x2  
  82  6:55  Adept x3  
  82  6:59  Adept  
  92  7:13  Adept x2  
  92  7:14  Adept  
  98  7:15  Adept x2  
  92  7:24  Adept x3  
  92  7:27  Probe  
  85  7:34  Adept x2  
  85  7:35  Adept  
  77  7:40  Adept x2  
  71  7:44  Adept x2  
  73  7:53  Adept  
  73  7:55  Adept x2  
  73  8:04  Adept  
  73  8:05  Adept x2  
Tags
 
Composition
Zealot Archon
Matchup
PvP
Spawn Locations
Cross Positions
Add a new tag
Caveats
  • Supply blocks, unpowered buildings, or Contaminate may cause inaccurate times.
  • Supply counts are checked every 10 seconds.